 Dungeon Crawl Stone Soup version 0.17.0-28-g6e173f8 (webtiles) character file.

131 gorblad the Skirmisher (level 4, -8/44 HPs)
             Began as a Draconian Chaos Knight on Dec 1, 2015.
             Mangled by Sigmund
             ... wielding a +0 scythe
              (12 damage)
             ... on level 3 of the Dungeon.
             The game lasted 00:05:04 (2407 turns).

gorblad the Skirmisher (Draconian Chaos Knight)     Turns: 2407, Time: 00:05:04

Health: -8/44      AC:  5    Str: 15    XL:     4   Next: 91%
Magic:  4/4        EV: 12    Int: 18    God:    Xom [.*....]
Gold:   84         SH:  0    Dex: 10    Spells: 0 memorised, 3 levels left

rFire  . . .     SeeInvis .     c - +0 spear
rCold  . . .     Clarity  .     (armour unavailable)
rNeg   . . .     SustAt   .     (no shield)
rPois  .         Gourm    .     m - +0 hat
rElec  .         Spirit   .     (no cloak)
rCorr  .         Warding  .     (no gloves)
rMut   .         Stasis   .     (no boots)
MR     .....                    (no amulet)
Stlth  ++........               (no ring)
                                f - ring of stealth

@: brilliant, slowed, very slow, not resistant to hostile enchantments,
unstealthy
A: unfitting armour, cold-blooded, AC +5
a: Renounce Religion


You were on level 3 of the Dungeon.
You worshipped Xom.
You were a plaything of Xom.
You were not hungry.

You visited 1 branch of the dungeon, and saw 3 of its levels.

You collected 84 gold pieces.

Inventory:

Hand Weapons
 a - a +0 spear of chaos
 c - a +0 spear (weapon)
Armour
 m - a +0 hat (worn)
Jewellery
 f - a ring of stealth (left hand)
Scrolls
 d - 3 scrolls of remove curse {unknown}
 e - 2 scrolls of magic mapping {unknown}
 g - a scroll of recharging {unknown}
 h - a scroll of identify {unknown}
 j - a scroll of amnesia {unknown}
 k - a scroll of fog {unknown}
Potions
 n - a potion of berserk rage {unknown}
 o - a potion of heal wounds {unknown}
Comestibles
 b - 3 bread rations
 i - a royal jelly
 l - 3 chunks of flesh


   Skills:
 + Level 6.2 Fighting
 - Level 3.1 Polearms
 - Level 2.1 Dodging


You had 3 spell levels left.
You didn't know any spells.

Dungeon Overview and Level Annotations

Branches:
Dungeon (3/15)

Altars:

Annotations:
D:3 Sigmund


Innate Abilities, Weirdness & Mutations

Your plain brown scales are hard (AC +5).
Your body does not fit into most forms of armour.
You are cold-blooded and may be slowed by cold attacks.


Message History

You hit Natasha.
You kill Natasha!
Natasha screams in pain as she dies!
Your Fighting skill increases to level 6!
The white imp disappears in a puff of smoke!
The crimson imp disappears in a puff of smoke!
You hit the orc.
The orc is almost dead.
The orc closely misses you. Something hits you.
* * * LOW HITPOINT WARNING * * *
The orc completely misses you.
You hit the orc but do no damage.
The orc is almost dead.
Something hits you.
* * * LOW HITPOINT WARNING * * *
The orc barely misses you.
You hit the orc but do no damage.
The orc is almost dead.
Something hits you!
You die...

#....# #....#
#....# ####
#...^### ....
#......# ....
#......# .(..
#######......#
....
#ยงยง.@o'......#
....
#.#####......+
.... #.#
#......# ....
##.#######.####
#### #......# .#
#..###.# .# #..#
#<# .#
#..#######.#
#..........#
######


You could see an orc.

Vanquished Creatures
  Natasha (D:3)
  6 adders
  A worm (D:2)
  2 giant geckos
  A ball python (D:2)
  4 bats
  9 hobgoblins
  2 quokkas
  2 giant cockroaches
  5 giant newts
  8 goblins
  5 kobolds
  5 rats
51 creatures vanquished.

Notes
Turn   | Place    | Note
--------------------------------------------------------------
     0 | D:1      | gorblad the Draconian Chaos Knight began the quest for the Orb.
     0 | D:1      | Reached XP level 1. HP: 19/19 MP: 1/1
   196 | D:1      | Reached XP level 2. HP: 25/27 MP: 2/2
   245 | D:1      | XOM: harmless Conj miscast
   282 | D:1      | Reached skill level 4 in Fighting
   895 | D:1      | XOM: harmless Tloc miscast
  1321 | D:2      | Reached XP level 3. HP: 15/34 MP: 3/3
  1554 | D:2      | Reached skill level 5 in Fighting
  1565 | D:2      | XOM is BORED!
  1565 | D:2      | XOM: silly message
  1684 | D:2      | XOM: harmless Pois miscast
  1873 | D:2      | XOM: harmless Conj miscast
  1911 | D:2      | Reached XP level 4. HP: 40/42 MP: 4/4
  2063 | D:2      | XOM: harmless Erth miscast
  2095 | D:2      | XOM: harmless Summ miscast
  2376 | D:3      | Noticed Natasha
  2389 | D:3      | Noticed Sigmund
  2393 | D:3      | XOM: potion effect (brilliance)
  2400 | D:3      | XOM: mild Conj miscast
  2404 | D:3      | Killed Natasha
  2404 | D:3      | Reached skill level 6 in Fighting
  2407 | D:3      | Mangled by Sigmund

Action                   |  1- 3 |  4- 6 || total
-------------------------+-------+-------++-------
Melee: Spear             |   168 |    83 ||   251
 Stab: Sleeping          |     1 |     3 ||     4
  Eat: Chunk             |     3 |     2 ||     5
